 Dungeon Crawl Stone Soup version 0.29.1-1-gd02db6906a (webtiles) character file.

Game seed: 5168564388143563256

1050 themarg the Chopper (level 8, -1/67 HPs)
             Began as a Gnoll Cinder Acolyte on Sept 20, 2022.
             Was an Elder of Ignis.
             Slain by an orc warrior
             ... wielding a +0 short sword
              (4 damage)
             ... on level 8 of the Dungeon.
             The game lasted 00:19:10 (6523 turns).

themarg the Chopper (Gnoll Cinder Acolyte)          Turns: 6523, Time: 00:19:10

Health: -1/67      AC:  4    Str: 16    XL:     8   Next: 26%
Magic:  3/14       EV: 13    Int: 14    God:    Ignis [****..]
Gold:   579        SH:  0    Dex: 13    Spells: 13/15 levels left

rFire   + + .      SeeInvis .   a - -1 hand axe (flame)
rCold   . . .      Faith    .   (no shield)
rNeg    . . .      Spirit   .   b - +0 robe
rPois   .          Reflect  .   (no helmet)
rElec   .          Harm     .   i - +0 cloak
rCorr   .          Rampage  .   (no gloves)
Will    .....                   x - +0 pair of boots
Stlth   ++........              (no amulet)
HPRegen 0.21/turn               j - +6 ring of dexterity
MPRegen 0.14/turn               k - ring of protection from fire

@: no status effects
A: fangs 1, strong nose, distributed training
a: Renounce Religion, Fiery Armour, Foxfire Swarm, Rising Flame


You were on level 8 of the Dungeon.
You worshipped Ignis.
Ignis was greatly pleased with you.
You visited 1 branch of the dungeon, and saw 6 of its levels.
You also visited: Ossuary.

You collected 579 gold pieces.

Inventory:

Hand Weapons
 a - a -1 hand axe of flaming (weapon)
 v - a +1 morningstar of protection
 w - the +4 long sword "Tiaril" {freeze, rElec Int+4}
   (You found it on level 4 of the Dungeon)

   It freezes those it strikes, dealing additional cold damage.
   It can also slow down cold-blooded creatures.
   Int:       It affects your intelligence (+4).
   rElec:     It insulates you from electricity.
Missiles
 t - 8 poisoned darts (quivered)
Armour
 b - a +0 robe (worn)
 i - a +0 cloak (worn)
 x - a +0 pair of boots (worn)
 y - a +2 tower shield
 z - a +0 helmet
Jewellery
 j - a +6 ring of dexterity (left hand)
 k - a ring of protection from fire (right hand)
 B - a +4 ring of evasion
Wands
 e - a wand of charming (12)
 p - a wand of roots (21)
 q - a wand of digging (3)
 r - a wand of polymorph (4)
Scrolls
 c - 2 scrolls of noise
 d - 2 scrolls of amnesia
 f - 2 scrolls of teleportation
 g - a scroll of poison
 h - a scroll of enchant armour
 n - a scroll of enchant weapon
 o - 2 scrolls of magic mapping
 u - a scroll of blinking {unknown}
Potions
 l - 2 potions of brilliance
 m - 3 potions of curing
 s - a potion of mutation
 A - a potion of heal wounds {unknown}
 C - a potion of berserk rage {unknown}
 D - 2 potions of degeneration {unknown}


   Skills:
 + Level 7.3 Fighting
 + Level 3.2 Short Blades
 + Level 3.2 Long Blades
 + Level 7.3 Axes
 + Level 3.2 Maces & Flails
 + Level 3.2 Polearms
 + Level 3.2 Staves
 + Level 3.2 Ranged Weapons
 + Level 3.2 Throwing
 + Level 3.2 Armour
 + Level 3.2 Dodging
 + Level 3.2 Stealth
 + Level 3.2 Shields
 + Level 3.2 Unarmed Combat
 + Level 4.3 Spellcasting
 + Level 2.6 Conjurations
 + Level 2.6 Hexes
 + Level 2.6 Summonings
 + Level 2.6 Necromancy
 + Level 2.6 Translocations
 + Level 2.6 Transmutations
 + Level 6.1 Fire Magic
 + Level 2.6 Ice Magic
 + Level 2.6 Air Magic
 + Level 2.6 Earth Magic
 + Level 2.6 Poison Magic
 + Level 3.5 Invocations
 + Level 3.2 Evocations


You had 13 spell levels left.
You knew the following spells:

 Your Spells              Type           Power      Damage    Failure   Level
a - Scorch                Fire           40%        2d7       2%          2

Your spell library contained the following spells:

 Spells                   Type           Power      Damage    Failure   Level
 Magic Dart               Conj           40%        1d5       6%          1
 Searing Ray              Conj           20%        2d5       10%         2
 Summon Guardian Golem    Hex/Summ       10%        N/A       19%         3
 Fulminant Prism          Conj/Hex       5%         3d7       54%         4
 Orb of Destruction       Conj           5%         9d5       100%        7
 Spellforged Servitor     Conj/Summ      5%         N/A       100%        7


Dungeon Overview and Level Annotations

Branches:
Dungeon (5/15)            Ossuary (visited)
 Temple: D:4-7

Altars:
Gozag
Qazlal
Trog
Uskayaw
Yredelemnul

Shops:
D:4 *


Innate Abilities, Weirdness & Mutations

You have very sharp teeth.
Your uncanny sense of smell can sniff out nearby items.
Your experience applies equally to all skills.


Message History

The orc priest hits you but does no damage.
You hit the orc priest. You burn the orc priest.
The orc priest is heavily wounded.
You hit the orc priest but do no damage.
The orc priest is heavily wounded.
The orc priest misses you.
You slash the orc priest! You burn the orc priest.
You kill the orc priest!
The orc warrior unwields a +0 short sword.
The orc warrior wields a +0 arbalest.
The orc warrior shoots a bolt.
The bolt hits you!!
Casting: Scorch (safe; 2% risk of failure)
Confirm with . or Enter, or press ? or * to list all spells.
Flames lash the orc warrior.
The orc warrior is moderately wounded.
The orc warrior's fire resistance burns away.
Okay, then.
Casting: Scorch (safe; 2% risk of failure)
Confirm with . or Enter, or press ? or * to list all spells.
Flames lash the orc warrior.
The orc warrior is moderately wounded.
The orc warrior shoots a bolt.
The bolt hits you!!
Casting: Scorch (safe; 2% risk of failure)
Confirm with . or Enter, or press ? or * to list all spells.
Flames lash the orc warrior.
The orc warrior is burned terribly!
The orc warrior is heavily wounded.
The orc warrior shoots a bolt.
The bolt hits you!
* * * LOW HITPOINT WARNING * * *
Casting: Scorch (safe; 2% risk of failure)
Confirm with . or Enter, or press ? or * to list all spells.
Flames lash the orc warrior.
The orc warrior is burned terribly!
The orc warrior is heavily wounded.
The orc warrior shoots a bolt.
The bolt hits you!!
* * * LOW HITPOINT WARNING * * *
You barely miss the orc warrior.
The orc warrior is heavily wounded.
The orc warrior unwields a +0 arbalest.
The orc warrior wields a +0 short sword.
The orc warrior hits you with a +0 short sword.
You die...

#..# #..#
#..# #..#
#..# #..#
#####..##
#o@.....#
#o###...####
#=#..........
#o#.###.#####
#.#.....#
#.####### #.
##


You could see an orc warrior (combustible) and 2 orcs.

Vanquished Creatures
  Sigmund (D:4)
  2 ogres (D:4)
  The ghost of TheSexyCheese the Trooper, an amateur GrFi (D:3)
  An elf zombie (Ossuary)
  A scorpion (D:4)
  A water moccasin zombie (D:3)
  A human zombie (Ossuary)
  A hound (D:4)
  An orc priest (D:8)
  An iguana (D:4)
  Natasha (thrice) (D:3)
  An orc wizard (D:8)
  A hound zombie (D:3)
  2 mummies (Ossuary)
  3 gnolls (D:5)
  12 adders
  A worm (D:5)
  A dart slug (D:3)
  2 orcs
  4 bats
  5 endoplasms
  3 giant cockroaches
  5 goblins
  7 hobgoblins
  7 kobolds
  3 quokkas
  4 ball pythons
  A frilled lizard (D:1)
  3 gnoll zombies (Ossuary)
  3 goblin zombies (Ossuary)
  3 hobgoblin zombies (Ossuary)
  3 orc zombies (Ossuary)
  5 rats
93 creatures vanquished.

Vanquished Creatures (others)
  30 foxfires
  34 plants (D:1)
64 creatures vanquished.

Grand Total: 157 creatures vanquished

Notes
Turn   | Place    | Note
-------+----------+-------------------------------------------
     0 | D:1      | themarg the Gnoll Cinder Acolyte began the quest for the
                  | Orb.
     0 | D:1      | Reached XP level 1. HP: 23/23 MP: 4/4
   580 | D:1      | Reached XP level 2. HP: 25/29 MP: 5/5
   903 | D:1      | Learned a level 2 spell: Scorch
  1575 | D:2      | Reached skill level 1 in Invocations
  1575 | D:2      | Reached XP level 3. HP: 9/35 MP: 7/7
  2160 | D:2      | Found a faded altar of an unknown god.
  2174 | D:2      | Reached skill level 1 in Short Blades
  2174 | D:2      | Reached skill level 1 in Long Blades
  2174 | D:2      | Reached skill level 1 in Maces & Flails
  2174 | D:2      | Reached skill level 1 in Polearms
  2174 | D:2      | Reached skill level 1 in Staves
  2174 | D:2      | Reached skill level 1 in Ranged Weapons
  2174 | D:2      | Reached skill level 1 in Throwing
  2174 | D:2      | Reached skill level 1 in Armour
  2174 | D:2      | Reached skill level 1 in Dodging
  2174 | D:2      | Reached skill level 1 in Stealth
  2174 | D:2      | Reached skill level 1 in Shields
  2174 | D:2      | Reached skill level 1 in Unarmed Combat
  2174 | D:2      | Reached skill level 1 in Evocations
  2456 | D:3      | Reached XP level 4. HP: 34/41 MP: 8/8
  2538 | D:3      | Noticed Natasha
  2551 | D:3      | Killed Natasha
  2552 | D:3      | Reached skill level 1 in Conjurations
  2552 | D:3      | Reached skill level 1 in Hexes
  2552 | D:3      | Reached skill level 1 in Summonings
  2552 | D:3      | Reached skill level 1 in Necromancy
  2552 | D:3      | Reached skill level 1 in Translocations
  2552 | D:3      | Reached skill level 1 in Transmutations
  2552 | D:3      | Reached skill level 1 in Ice Magic
  2552 | D:3      | Reached skill level 1 in Air Magic
  2552 | D:3      | Reached skill level 1 in Earth Magic
  2552 | D:3      | Reached skill level 1 in Poison Magic
  2728 | D:3      | Found a bloodstained altar of Trog.
  2870 | D:3      | Reached XP level 5. HP: 47/47 MP: 4/9
  2966 | D:3      | Found an opulent altar of Gozag.
  3366 | D:3      | Found a runed translucent gate.
  3366 | D:3      | Found a runed translucent gate.
  3366 | D:3      | Found a runed translucent gate.
  3366 | D:3      | Noticed TheSexyCheese's ghost (amateur GrFi)
  3368 | D:3      | Found a basalt altar of Yredelemnul.
  3528 | D:3      | Reached XP level 6. HP: 47/53 MP: 1/11
  3731 | D:3      | Noticed Natasha
  3737 | D:3      | Killed Natasha
  3829 | D:3      | Noticed Natasha
  3833 | D:3      | Killed Natasha
  3896 | D:3      | HP: 2/53 [TheSexyCheese's ghost (5)]
  3896 | D:3      | Killed TheSexyCheese's ghost
  4238 | D:4      | Identified the +4 long sword "Tiaril" {freeze, rElec Int+4}
  4302 | D:4      | Found a sand-covered staircase.
  4444 | D:4      | Found Piasav Ivakh's Assorted Antiques.
  4481 | Ossuary  | Entered an ossuary
  4515 | Ossuary  | Reached XP level 7. HP: 32/60 MP: 2/12
  5282 | D:4      | Noticed Sigmund
  5306 | D:4      | Killed Sigmund
  5344 | D:4      | Reached XP level 8. HP: 12/67 MP: 7/14
  5707 | D:4      | Found a hide-covered altar of Uskayaw.
  6087 | D:4      | Found a stormy altar of Qazlal.
  6179 | D:5      | Entered Level 5 of the Dungeon
  6504 | D:5      | You fall into a shaft and drop 3 floors!
  6521 | D:8      | HP: 2/67 [orc warrior/bolt (18)]
  6523 | D:8      | Slain by an orc warrior

Illustrated notes

Levels and vault maps discovered:
D:1:      dpeg_arrival_tiny_h, layout_loops_corners, serial_bayou,
          serial_bayou_pond_c, serial_bayou_lagoon_a, serial_bayou_ford_a,
          serial_bayou_shore_a
D:2:      layout_rooms, chequers_ecumenical_altar_simple, grunt_ministairs_8
D:3:      minmay_general_purpose_star, layout_rooms,
          mainiacjoe_overflow_surrounded_room, nicolae_yredelemnul_ghost_church,
          grunt_gozag_statues, uniq_natasha
D:4:      layout_loops_corners, mainiacjoe_overflow_alcove_2,
          nicolae_uskayaw_suspiria, serial_shops,
          nicolae_shop_temple_entry_statues_fountains,
          nicolae_ossuary_entry_false_entrances, uniq_sigmund
D:5:      layout_basic, led_xom_imps
D:8:      layout_basic

Skill      XL: |  1  2  3  4  5  6  7 |
---------------+----------------------+-----
Invocations    | 1 2 3 |  3.5
Short Blades   | 1 2 3 |  3.2
Long Blades    | 1 2 3 |  3.2
Maces & Flails | 1 2 3 |  3.2
Polearms       | 1 2 3 |  3.2
Staves         | 1 2 3 |  3.2
Ranged Weapons | 1 2 3 |  3.2
Throwing       | 1 2 3 |  3.2
Armour         | 1 2 3 |  3.2
Dodging        | 1 2 3 |  3.2
Stealth        | 1 2 3 |  3.2
Shields        | 1 2 3 |  3.2
Unarmed Combat | 1 2 3 |  3.2
Evocations     | 1 2 3 |  3.2
Spellcasting   | 3 4 |  4.3
Conjurations   | 1 2 |  2.6
Hexes          | 1 2 |  2.6
Summonings     | 1 2 |  2.6
Necromancy     | 1 2 |  2.6
Translocations | 1 2 |  2.6
Transmutations | 1 2 |  2.6
Ice Magic      | 1 2 |  2.6
Air Magic      | 1 2 |  2.6
Earth Magic    | 1 2 |  2.6
Poison Magic   | 1 2 |  2.6
Fighting       | 7 |  7.3
Axes           | 7 |  7.3
Fire Magic     | 6 |  6.1

Action                   |  1- 3 |  4- 6 |  7- 9 || total
-------------------------+-------+-------+-------++-------
Melee: Hand axe          |   102 |    83 |    73 ||   258
       Bite              |     7 |     7 |     7 ||    21
       Punch             |       |     1 |     1 ||     2
 Cast: Scorch            |       |    34 |    43 ||    77
Invok: Foxfire Swarm     |     2 |       |       ||     2
       Fiery Armour      |       |     1 |       ||     1
  Use: Potion            |       |       |     1 ||     1
       Scroll            |       |       |     9 ||     9
Armor: Robe              |    29 |    13 |    12 ||    54
Dodge: Dodged            |    57 |    59 |    41 ||   157
